 Dungeon Crawl Stone Soup version 0.25-a0-41-g6cf4ce537d (webtiles) character file.

Game seed: 18133800821482687978, levelgen mode: deterministic

14 Alarkh the Skirmisher (level 2, 23/24 HPs)
             Began as a Demonspawn Fighter on Oct 21, 2019.
             Got out of the dungeon alive.
             The game lasted 00:00:11 (381 turns).

Alarkh the Skirmisher (Demonspawn Fighter)           Turns: 381, Time: 00:00:12

Health: 23/24      AC:  7    Str: 16    XL:     2   Next: 31%
Magic:  2/2        EV:  6    Int:  9    God:
Gold:   22         SH:  8    Dex: 12    Spells: 1/1 levels left

rFire    . . .     SeeInvis .   a - +0 long sword
rCold    . . .     Gourm    .   c - +0 shield
rNeg     . . .     Faith    .   b - +0 scale mail
rPois    .         Spirit   .   (no helmet)
rElec    .         Reflect  .   (no cloak)
rCorr    .         Harm     .   (no gloves)
MR       .....                  (no boots)
Stlth    ..........             (no amulet)
HPRegen  0.08/turn              (no ring)
MPRegen  0.08/turn              (no ring)

@: no status effects
A: rugged brown scales 1
a: no special abilities


You escaped.
You were not hungry.

You visited 1 branch of the dungeon, and saw 1 of its levels.

You collected 22 gold pieces.

Inventory:

Hand Weapons
 a - a +0 long sword (weapon)
Armour
 b - a +0 scale mail (worn)
 c - a +0 shield (worn)
Scrolls
 e - a scroll of fear {unknown}
Potions
 d - 2 potions of might
 h - a potion of haste {unknown}
 i - a potion of flight {unknown}
Comestibles
 f - a ration
 g - 3 chunks of flesh


   Skills:
 - Level 3.0 Fighting
 + Level 2.7 Long Blades
 - Level 2.6 Armour
 - Level 2.6 Shields


You had one spell level left.
You didn't know any spells.
Your spell library was empty.

Dungeon Overview and Level Annotations

Branches:
Dungeon (1/15)

Altars:


Innate Abilities, Weirdness & Mutations

You are partially covered in rugged brown scales. (AC +1, +3% HP)


Message History

The bat is moderately wounded.
You block the bat's attack.
You miss the bat.
The bat is moderately wounded.
You block the bat's attack. The bat hits you but does no damage.
The bat barely misses you.
You riposte.
Your scale mail prevents you from hitting the bat.
The bat barely misses you.
You slash the bat!
You kill the bat!
No target in view!
No target in view!
No target in view!
No target in view!
Some of the chunks of flesh in your inventory have rotted away.
There is an empty arch of ancient stone here.
Some of the chunks of flesh in your inventory have rotted away.
There is a staircase leading out of the dungeon here.
Are you sure you want to leave the Dungeon?
This will make you lose the game!
You have escaped!

#...≈...#..........#.
#.8.≈.8.#..........+.
#...≈...#..........##
#.8.≈.8.#..........#
#...≈...#..........#
#.8.≈.8.#.>.#########
#...≈.[.#...##.......
###...###...##...÷...
##@####...##.......
####.....##.......
#.....##.......
#.....##.......
#....##########
####.# #.# #.#
#.##########


There were no monsters in sight!

Vanquished Creatures
  A dart slug (D:1)
  4 hobgoblins (D:1)
  A kobold (D:1)
  A ball python (D:1)
  3 bats (D:1)
  A rat (D:1)
11 creatures vanquished.

Notes
Turn   | Place    | Note
-------+----------+-------------------------------------------
     0 | D:1      | Alarkh the Demonspawn Fighter began the quest for the Orb.
     0 | D:1      | Reached XP level 1. HP: 18/18 MP: 1/1
   254 | D:1      | Gained mutation: You are partially covered in rugged brown
                  | scales. (AC +1, +3% HP) [demonic ancestry]
   254 | D:1      | Reached XP level 2. HP: 17/24 MP: 2/2
   381 | D:$      | Got out of the dungeon alive.

Levels and vault maps discovered:
D:1:      mainiacjoe_arrival_reflecting_pool, layout_basic

Skill      XL: |  1 |
---------------+----+-----
Long Blades    | 2 |  2.7
Fighting       | |  3.0
Armour         | |  2.6
Shields        | |  2.6

Action                   || total
-------------------------++-------
Melee: Long sword        ||    27
Armor: Scale mail        ||    18
Dodge: Dodged            ||    13
Block: Shield            ||    18
       Rpst.: Long sword ||     4

Table legend:
 A = Non-vault XP
 B = Vault XP
 C = Vault XP percentage of total XP
 D = Non-vault monster count
 E = Vault monster count
 F = Vault count percentage of total count
                 A         B        C        D         E       F
            +---------+---------+-------+---------+---------+-------
      Total |      21 |       0 |   0.0 |      11 |       0 |   0.0
            +---------+---------+-------+---------+---------+-------
        D:1 |      21 |       0 |   0.0 |      11 |       0 |   0.0
            +---------+---------+-------+---------+---------+-------
